 Dungeon Crawl Stone Soup version 0.29-a0-266-gf56f883ddd (webtiles) character file.

Game seed: 3458486481024208989

23888 sammy202020 the Fighter (level 12, 0/115 HPs)
             Began as a Minotaur Fighter on Mar 6, 2022.
             Slain by a goliath frog (17 damage)
             ... on level 1 of the Swamp.
             The game lasted 00:30:58 (9926 turns).

sammy202020 the Fighter (Minotaur Fighter)          Turns: 9926, Time: 00:30:59

Health: 0/115      AC: 19    Str: 28    XL:     12   Next: 75%
Magic:  11/11      EV: 17    Int: 11    God:
Gold:   616        SH:  7    Dex: 21    Spells: 11/11 levels left

rFire   . . .      SeeInvis .   D - +11 war axe "Aselotuf" {vorpal, rC+}
rCold   + + +      Faith    .   c - +0 buckler
rNeg    . . .      Spirit   .   p - +0 plate armour
rPois   +          Reflect  .   N - +2 hat {Will+}
rElec   .          Harm     .   x - +1 cloak {rPois}
rCorr   +          Rampage  .   J - +0 pair of gloves
Will    +....                   B - +0 pair of boots
Stlth   ..........              e - amulet of regeneration
HPRegen 1.09/turn               u - ring of Cixuusiz {rC- rCorr Str+2 Int+4 Dex+7}
MPRegen 0.12/turn               d - ring "Ciawuuro" {rC+++ EV+4 Str+4 Int-2 Dex+4}

@: corroded
A: horns 2, retaliatory headbutt
a: no special abilities


You were on level 1 of the Swamp.
You visited 3 branches of the dungeon, and saw 13 of its levels.

You collected 871 gold pieces.
You spent 255 gold pieces at shops.

Inventory:

Hand Weapons
 D - the +11 war axe "Aselotuf" (weapon) {vorpal, rC+}
   (You bought it in a shop on level 6 of the Dungeon)

   It inflicts extra damage upon your enemies.
   rC:        It protects you from cold.
 F - a +0 flail of freezing
Missiles
 b - 27 poisoned darts
 g - 11 boomerangs (quivered)
 r - 6 silver javelins
 H - a throwing net
Armour
 c - a +0 buckler (worn)
 p - a +0 plate armour (worn)
 x - a +1 cloak of poison resistance (worn)
 B - a +0 pair of boots (worn)
 J - a +0 pair of gloves (worn)
 N - a +2 hat of willpower (worn)
Jewellery
 d - the ring "Ciawuuro" (right hand) {rC+++ EV+4 Str+4 Int-2 Dex+4}
   (You acquired it on level 7 of the Dungeon)

   [ring of evasion]

   EV:        It affects your evasion (+4).
   Str:       It affects your strength (+4).
   Int:       It affects your intelligence (-2).
   Dex:       It affects your dexterity (+4).
   rC:        It renders you almost immune to cold.
 e - an amulet of regeneration (around neck)
 j - a ring of positive energy
 k - a +4 ring of protection
 n - a ring of ice
 o - a +6 ring of intelligence
 u - the ring of Cixuusiz (left hand) {rC- rCorr Str+2 Int+4 Dex+7}
   (You found it on level 4 of the Dungeon)

   [ring of resist corrosion]

   Str:       It affects your strength (+2).
   Int:       It affects your intelligence (+4).
   Dex:       It affects your dexterity (+7).
   rC:        It makes you vulnerable to cold.
   rCorr:     It protects you from acid and corrosion.
 y - an amulet of faith
 z - a ring of fire
 G - an amulet of guardian spirit
 M - a ring of resist corrosion
Wands
 A - a wand of polymorph (8)
 C - a wand of digging (20)
 I - a wand of paralysis (8)
 O - a wand of iceblast (6)
Scrolls
 m - a scroll of identify
 q - 5 scrolls of teleportation
 t - 4 scrolls of blinking
 v - 2 scrolls of amnesia
Potions
 a - 2 potions of lignification
 f - 2 potions of magic
 h - 3 potions of attraction
 i - 3 potions of curing
 l - 4 potions of invisibility
 s - 3 potions of flight
 w - a potion of mutation
 K - 4 potions of heal wounds {unknown}
 L - a potion of brilliance {unknown}
Miscellaneous
 E - a piece from Xom's chessboard (15/15)


   Skills:
 * Level 13.5 Fighting
 * Level 13.3 Axes
 * Level 13.4 Armour
 + Level 8.3 Dodging
 + Level 9.9 Shields


You had 11 spell levels left.
You didn't know any spells.
Your spell library contained the following spells:

 Spells                   Type           Power      Damage    Failure   Level
 Slow                     Hex            0%         N/A       96%         1
 Static Discharge         Conj/Air       0%         N/A       99%         2
 Confusing Touch          Hex            0%         N/A       100%        3
 Dazzling Flash           Conj/Hex       0%         N/A       100%        3
 Gell's Gravitas          Tloc           0%         N/A       100%        3
 Ozocubu's Armour         Ice            0%         N/A       100%        3
 Portal Projectile        Hex/Tloc       0%         N/A       100%        3
 Teleport Other           Tloc           0%         N/A       100%        3
 Vampiric Draining        Necr           0%         2d6       100%        3
 Iskenderun's Mystic Bla  Conj/Tloc      0%         2d3       100%        4
 Blade Hands              Tmut           0%         N/A       100%        5
 Excruciating Wounds      Necr           0%         N/A       100%        5
 Lightning Bolt           Conj/Air       0%         1d11      100%        5
 Metabolic Englaciation   Hex/Ice        0%         N/A       100%        5
 Dispersal                Tloc           0%         N/A       100%        6
 Simulacrum               Ice/Necr       0%         N/A       100%        6
 Starburst                Conj/Fire      0%         6d3       100%        6
 Maxwell's Capacitive Co  Air            0%         ∞         100%        8


Dungeon Overview and Level Annotations

Branches:
Dungeon (8/15)             Temple (0/1) D:5            Lair (4/6) D:8
  Swamp (1/4) Lair:4       Spider (0/4) Lair:4

Altars:
Dithmenos
Elyvilon
Fedhas
Kikubaaqudgha
Xom

Shops:
D:2 (   D:6 [*?(*

Annotations:
Lair:2 exclusion: oklob plant
Swamp:1 Aizul


Innate Abilities, Weirdness & Mutations

You have a pair of horns on your head.
You reflexively headbutt those who attack you in melee.


Message History

The poison arrow hits you!
You are more poisoned.
You partially resist.
You closely miss Aizul. Your headbutt misses Aizul.
Aizul is moderately wounded.
You feel very sick. The goliath frog hits you from afar!
You are splashed with acid.
You resist. Aizul barely misses you. You furiously retaliate!
You headbutt Aizul! You slice Aizul!!
Aizul is heavily wounded.
You feel very sick. You block Aizul's attack.
The goliath frog barely misses you. Aizul hits you!
* * * LOW HITPOINT WARNING * * *
You feel better. You block the goliath frog's attack. Aizul hits you!
* * * LOW HITPOINT WARNING * * *
The goliath frog completely misses you.
You slice Aizul!!
Aizul is severely wounded.
You block Aizul's attack. You block the goliath frog's attack.
Aizul casts a spell at you. You resist with significant effort.
You miss Aizul.
Aizul is severely wounded.
The goliath frog hits you but does no damage.
Aizul casts a spell at you. You resist with significant effort.
You slice Aizul!!
Aizul is almost dead.
You block Aizul's attack. The goliath frog hits you from afar.
* * * LOW HITPOINT WARNING * * *
The acid corrodes you!
You are splashed with acid.
You resist.
* * * LOW HITPOINT WARNING * * *
Your magic is already full.
You feel better.
Aizul coils and then uncoils.
Aizul casts a spell at you. The bolt of poison hits you. You resist.
* * * LOW HITPOINT WARNING * * *
The goliath frog hits you from afar!
You die...

≈≈..≈. ♣♣♣....≈
♣≈..§..♣
♣♣..≈≈.^♣♣
♣§.§≈≈..^♣ ...
♣≈.≈≈≈.≈§♣ ...≈
♣♣≈.§≈≈S≈♣♣...≈≈
≈♣≈.≈≈≈..@.F..≈≈≈
..≈.≈≈≈..≈..≈≈≈≈≈
..♣♣♣.$!.≈...§≈≈≈
♣.≈≈..........
♣.≈...≈≈.≈.♣..
♣.....≈≈.≈≈≈♣)
♣.≈≈≈≈.≈≈≈≈...
♣♣♣♣.≈≈§≈..≈≈≈≈§[
♣≈≈♣.≈≈≈≈≈≈≈≈≈≈≈


You could see Aizul and a goliath frog.

Vanquished Creatures
  Gastronok (Lair:3)
  A minotaur (Lair:1)
  A hydra (Lair:4)
  The ghost of mojorge the Unseen, a journeyman SpEn of Gozag (Lair:1)
  The ghost of Atlas the Thaumaturge, a novice DjFE of Ashenzari (D:7)
  The ghost of taxman66 the Cleaver, a novice FoFi of Okawaru (D:7)
  2 bog bodies (Lair:4)
  A manticore (D:8)
  5 elephants (Lair:3)
  2 black mambas
  Joseph (Lair:1)
  5 cane toads
  A rime drake (Lair:3)
  2 komodo dragons
  5 polar bears
  A hornet (Lair:2)
  A tyrant leech (Swamp:1)
  Grinder (D:3)
  4 blink frogs (Lair:4)
  5 wyverns
  14 yaks
  3 steam dragons
  3 basilisks
  A redback (Lair:4)
  2 swamp worms (Lair:4)
  14 water moccasins
  2 orc warriors
  2 ice beasts
  7 black bears
  3 ogres
  A sky beast (D:7)
  13 wolves
  The ghost of FizzleBang the Vexing, an amateur FoAM of Elyvilon (D:7)
  3 centaurs
  4 kobold brigands
  A phantom (D:7)
  16 bullfrogs
  A gnoll sergeant (D:7)
  5 scorpions
  3 wights (D:7)
  8 killer bees (D:8)
  A howler monkey (D:8)
  3 electric eels
  4 jellies
  5 hounds
  Crazy Yiuf (D:4)
  2 gnoll shamans
  3 orc priests
  Terence (D:3)
  3 iguanas
  4 orc wizards
  Robin (D:4)
  16 gnolls
  8 adders
  2 shadow imps
  A white imp (D:6)
  A worm (D:4)
  4 dart slugs
  17 orcs
  4 endoplasms
  3 giant cockroaches
  12 goblins
  12 hobgoblins
  22 kobolds
  4 quokkas
  5 ball pythons
  4 bats
  4 frilled lizards
  4 rats
300 creatures vanquished.

Vanquished Creatures (others)
  A human (D:4)
  7 fungi
  20 plants
  A withered plant (D:7)
29 creatures vanquished.

Grand Total: 329 creatures vanquished

Notes
Turn   | Place    | Note
-------+----------+-------------------------------------------
     0 | D:1      | sammy202020 the Minotaur Fighter began the quest for the
                  | Orb.
     0 | D:1      | Reached XP level 1. HP: 19/19 MP: 0/0
   101 | D:1      | Reached XP level 2. HP: 27/27 MP: 1/1
   232 | D:1      | Reached XP level 3. HP: 33/33 MP: 2/2
   445 | D:2      | Reached skill level 1 in Dodging
   496 | D:2      | Noticed a scorpion
   502 | D:2      | Killed a scorpion
   503 | D:2      | Reached XP level 4. HP: 23/41 MP: 3/3
   592 | D:2      | Reached XP level 5. HP: 47/47 MP: 4/4
  1081 | D:2      | Found Qugidokk's Weapon Boutique.
  1375 | D:3      | Reached skill level 5 in Fighting
  1375 | D:3      | Reached skill level 5 in Armour
  1386 | D:3      | Found a faded altar of an unknown god.
  1603 | D:3      | Noticed Terence
  1611 | D:3      | Killed Terence
  1760 | D:3      | Noticed Grinder
  1769 | D:3      | Reached XP level 6. HP: 41/56 MP: 5/5
  1778 | D:3      | Killed Grinder
  1823 | D:3      | Found a shadowy altar of Dithmenos.
  2432 | D:4      | Reached skill level 5 in Axes
  2432 | D:4      | Reached XP level 7. HP: 62/62 MP: 6/6
  2439 | D:4      | Identified the ring of Cixuusiz {rC- rCorr Str+2 Int+4
                  | Dex+7}
  2468 | D:4      | Reached skill level 5 in Shields
  2682 | D:4      | Noticed Robin
  2694 | D:4      | Killed Robin
  2743 | D:4      | Found an ancient bone altar of Kikubaaqudgha.
  2744 | D:4      | Noticed a human
  2748 | D:4      | Killed a human
  2777 | D:4      | Found a runed translucent door.
  2778 | D:4      | Noticed Crazy Yiuf
  2841 | D:4      | Reached XP level 8. HP: 69/71 MP: 7/7
  3041 | D:4      | Killed Crazy Yiuf
  3112 | D:5      | Entered Level 5 of the Dungeon
  3239 | D:5      | Found a staircase to the Ecumenical Temple.
  3741 | D:6      | Found Haepio's Armour Shoppe.
  3840 | D:6      | Found Pemikh's Antique Weapon Boutique.
  3841 | D:6      | Found Utezac's Assorted Antiques.
  3868 | D:6      | Found Umatoem's General Store.
  3887 | D:6      | Found Ihaduomi's Magic Scroll Emporium.
  4292 | D:6      | Reached XP level 9. HP: 48/81 MP: 8/8
  4552 | D:6      | Bought a faintly glowing war axe for 255 gold pieces
  4552 | D:6      | Identified the +11 war axe "Aselotuf" {vorpal, rC+} (You
                  | bought it in a shop on level 6 of the Dungeon)
  4568 | D:7      | Found a white marble altar of Elyvilon.
  4856 | D:7      | Found a blossoming altar of Fedhas.
  5031 | D:7      | Found a runed translucent gate.
  5031 | D:7      | Found a runed translucent gate.
  5033 | D:7      | Found a runed translucent gate.
  5035 | D:7      | Noticed Atlas's ghost (novice DjFE)
  5035 | D:7      | Noticed taxman66's ghost (novice FoFi)
  5035 | D:7      | Noticed FizzleBang's ghost (amateur FoAM)
  5128 | D:7      | Killed FizzleBang's ghost
  5134 | D:7      | Killed Atlas's ghost
  5135 | D:7      | Reached skill level 5 in Dodging
  5136 | D:7      | Killed taxman66's ghost
  5137 | D:7      | Reached XP level 10. HP: 80/91 MP: 9/9
  5140 | D:7      | Upgraded the game from 0.29-a0-251-g80730f7218 to
                  | 0.29-a0-266-gf56f883ddd
  5384 | D:7      | Identified a scroll of acquirement
  5384 | D:7      | Acquired the ring "Ciawuuro" {rC+++ EV+4 Str+4 Int-2 Dex+4}
  5915 | D:8      | Reached skill level 10 in Fighting
  5916 | D:8      | Reached skill level 10 in Armour
  5940 | D:8      | Reached skill level 10 in Axes
  6001 | D:8      | Noticed a manticore
  6014 | D:8      | Killed a manticore
  6181 | D:8      | Found a staircase to the Lair.
  6372 | Lair:1   | Entered Level 1 of the Lair of Beasts
  6475 | Lair:1   | Noticed mojorge's ghost (journeyman SpEn)
  6530 | Lair:1   | Found a runed translucent gate.
  6530 | Lair:1   | Noticed a cane toad
  6530 | Lair:1   | Noticed a cane toad
  6533 | Lair:1   | Found a runed translucent gate.
  6534 | Lair:1   | Found a runed translucent gate.
  6534 | Lair:1   | Noticed a minotaur
  6535 | Lair:1   | Noticed a cane toad
  6538 | Lair:1   | Noticed Joseph
  6539 | Lair:1   | Noticed a cane toad
  6553 | Lair:1   | Killed a cane toad
  6554 | Lair:1   | Reached XP level 11. HP: 95/101 MP: 10/10
  6574 | Lair:1   | Killed Joseph
  7331 | Lair:1   | Killed a minotaur
  7351 | Lair:1   | Killed mojorge's ghost
  7645 | Lair:2   | Found a shimmering altar of Xom.
  7838 | Lair:2   | Noticed an oklob plant
  8429 | Lair:3   | Found a white marble altar of Elyvilon.
  8443 | Lair:3   | Reached XP level 12. HP: 96/113 MP: 11/11
  8643 | Lair:3   | Noticed Gastronok
  8664 | Lair:3   | Killed Gastronok
  9117 | Lair:4   | Noticed an eight-headed hydra
  9126 | Lair:4   | Killed an eight-headed hydra
  9332 | Lair:4   | Found a hole to the Spider Nest.
  9800 | Lair:4   | Found a staircase to the Swamp.
  9831 | Swamp:1  | Entered Level 1 of the Swamp
  9909 | Swamp:1  | Noticed Aizul
  9926 | Swamp:1  | Slain by a goliath frog

Illustrated notes

Levels and vault maps discovered:
D:1:      scummos_arrival_simple_crosswalls, layout_rooms, glass_columns_a
D:2:      layout_basic, serial_shops, nicolae_shop_bloodbath_and_beyond
D:3:      layout_loops_ring, mainiacjoe_overflow_surrounded_room,
          hellmonk_ecumenical_altar_slurped_away, serial_co_window_serial,
          co_window_cross_1, co_window_paths_b, co_window_paths_a,
          co_window_paths_b, co_window_paths_b, co_window_corner_ca,
          co_window_paths_c, co_window_2corner, co_window_cross_3,
          co_window_paths_e, glass_columns_a, glass_columns_a,
          grunt_decor_arrowhead, uniq_terence, uniq_grinder
D:4:      layout_rooms, tgw_kikubaaqudgha, serial_forest,
          infiniplex_forest_lined_room_2, infiniplex_forest_lined_4_way,
          infiniplex_forest_clump_C, infiniplex_forest_clump_small,
          infiniplex_forest_lined_room_2, uniq_crazy_yiuf_cottage, uniq_robin
D:5:      layout_gridville, minmay_temple_entry_glassed_door
D:6:      layout_basic, serial_shops, shop, nicolae_shop_advertising_works
          [nicolae_subvault_shop_adworks], nicolae_shop_statue_plus, shop, shop,
          minmay_misc_feat_tiny
D:7:      layout_cave_pods, elyvilon_altar_4, amcnicky_altar_gilded,
          gammafunk_ghost_cemetery, hellmonk_bongcloud_opening,
          minmay_misc_feat_secret_circle, minmay_misc_feat_encased,
          hangedman_decor_riveting, nrook_pool_corridor,
          amcnicky_mini_pool_small
D:8:      layout_rooms, minmay_lair_entry_grove, hex_large,
          kennysheep_generic_room_12
Lair:1:   layout_cave_pods, maelrawn_ghost_gauntlet_escape, uniq_joseph
Lair:2:   layout_loops_ring, basic_altar, minivault_11,
          cheibrodos_lair_lostbears
Lair:3:   layout_gridlike, basic_altar, serial_bayou_shore_a,
          grunt_megastairs_2, serial_bayou_shore_b, uniq_gastronok
Lair:4:   layout_long_grid, nicolae_swamp_entry_splash_gauntlet,
          spider_nest_entry_a
Swamp:1:  layout_basic_swamp, nicolae_swamp_bean_lake,
          infiniplex_staircase_pool_2, uniq_aizul

Skill      XL: |  1  2  3  4  5  6  7  8  9 10 11 12 |
---------------+-------------------------------------+-----
Fighting       | 4 5 6 8 9 10 12 13 | 13.5
Armour         | 4 5 6 7 9 10 12 13 | 13.4
Axes           | 3 4 5 6 7 9 10 12 13 | 13.3
Dodging        | 1 2 3 4 5 6 7 8 |  8.3
Shields        | 4 5 6 7 8 9 |  9.9

Action                   |  1- 3 |  4- 6 |  7- 9 | 10-12 || total
-------------------------+-------+-------+-------+-------++-------
Melee: War axe           |    51 |    83 |   227 |   352 ||   713
       Headbutt          |     6 |    14 |    40 |    74 ||   134
       Flail             |       |       |       |     6 ||     6
  Use: Scroll            |       |     3 |     3 |    12 ||    18
       Potion            |       |       |     2 |     4 ||     6
Armor: Scale mail        |    29 |    12 |       |       ||    41
       Plate armour      |       |    33 |   143 |   179 ||   355
Dodge: Dodged            |    28 |    24 |    76 |   255 ||   383
Block: Buckler           |     7 |    28 |    53 |   119 ||   207

Table legend: (Time is in decaauts)
 A = Elapsed time spent in this place.
 B = Non-inter-level travel time spent in this place.
 C = Inter-level travel time spent in this place.
 D = Time resting spent in this place.
 E = Time spent auto-exploring this place.
 F = Levels seen in this place.
 G = Mean time per level.
                   A        B        C        D        E       F      G
               +--------+--------+--------+--------+--------+-----+--------+
         Total |   9971 |   9580 |    391 |    163 |   6852 |  13 |  767.0 |
       Dungeon |   6416 |   6112 |    304 |    163 |   4224 |   8 |  802.0 |
          Lair |   3450 |   3363 |     87 |      0 |   2565 |   4 |  862.5 |
         Swamp |    104 |    104 |      0 |      0 |     62 |   1 |  104.0 |
               +--------+--------+--------+--------+--------+-----+--------+

Top non-repeatable levels by time:
     D:7: 1199 daAuts
     D:3: 1107 daAuts
  Lair:1: 1102 daAuts
     D:6: 831 daAuts
  Lair:4: 830 daAuts
  Lair:3: 766 daAuts
  Lair:2: 752 daAuts
     D:4: 697 daAuts
     D:2: 692 daAuts
     D:1: 668 daAuts
     D:5: 634 daAuts
     D:8: 584 daAuts
 Swamp:1: 104 daAuts
